 Dungeon Crawl Stone Soup version 0.30-b1-2-g02819fbbbe (webtiles) character file.

Game seed: 13059433066558443090

104 seren the Ducker (level 5, -1/37 HPs)
             Began as a Djinni Fire Elementalist on Dec 30, 2023.
             Killed from afar by Ijyb (13 damage)
             ... with a bolt of light
             ... on level 3 of the Dungeon.
             The game lasted 00:13:22 (1972 turns).

seren the Ducker (Djinni Fire Elementalist)         Turns: 1972, Time: 00:13:23

Health: -1/37      AC:  3    Str:  7    XL:     5   Next: 7%
Gold:   104        EV: 13    Int: 19    God:
                   SH:  0    Dex: 13

rFire   + + .        r - +1 dagger (venom)
rCold   x . .        (no shield)
rNeg    . . .        a - +0 robe
rPois   ∞            o - +0 helmet
rElec   .            (no cloak)
rCorr   .            (no gloves)
SInv    .            (boots unavailable)
Will    .....        (no amulet)
Stlth   +            (no ring)
HPRegen 0.26/turn    (no ring)
MPRegen 0.00/turn

%: infuse magic (-2 HP)
@: confused, flying
A: sickness immunity, fire resistance 2, cold vulnerability 1, float, innate
caster, HP casting, extra vitality 1
a: no special abilities


You were on level 3 of the Dungeon.
You visited 1 branch of the dungeon, and saw 3 of its levels.

You collected 104 gold pieces.

Inventory:

Hand Weapons
 g - a +3 whip
 r - a +1 dagger of venom (weapon)
Armour
 a - a +0 robe (worn)
 o - a +0 helmet (worn)
Wands
 m - a wand of light (5)
Scrolls
 b - a scroll of poison {unknown}
 d - a scroll of brand weapon {unknown}
 e - a scroll of fear {unknown}
 q - a scroll of vulnerability {unknown}
Potions
 c - 3 potions of mutation {unknown}
 f - a potion of ambrosia {unknown}
 h - a potion of curing {unknown}
 i - 2 potions of flight {unknown}
 j - a potion of heal wounds {unknown}
 k - a potion of berserk rage {unknown}
 l - a potion of attraction {unknown}
 p - a potion of haste {unknown}


   Skills:
 + Level 1.3 Fighting
 + Level 3.1 Dodging
 + Level 2.4 Stealth
 * Level 3.1 Spellcasting
 + Level 0.5 Evocations


You knew the following spells:

 Your Spells              Type           Power      Damage    Failure   Level
a - Foxfire               Conj/Fire      56%        2x1d6     4%          1
b - Scorch                Fire           28%        2d6       6%          2
c - Volatile Blastmotes   Fire/Tloc      28%        2d12      13%         3
d - Inner Flame           Hex/Fire       14%        N/A       13%         3
e - Flame Wave            Conj/Fire      14%        2d6       38%         4
f - Freeze                Ice            56%        1d7       4%          1
g - Poisonous Vapours     Pois/Air       28%        N/A       6%          2
Your spell library was empty.

Dungeon Overview and Level Annotations

Branches:
Dungeon (3/15)

Altars:

Shops:
D:2 [

Annotations:
D:2 Natasha
D:3 Ijyb


Innate Abilities, Weirdness & Mutations

You are immune to sickness and miasma.
You are immune to poison.
Your flesh is very heat resistant. (rF++)
You are vulnerable to cold. (rC-)
You float through the air rather than walking.
You learn spells naturally, not from books.
Your magical power is your life essence.
You have superior vitality. (+4 MHP)


Message History

Casting: Foxfire (safe; 4% risk of failure)
Confirm with . or Enter, or press ? or * to list all spells.
Flames lash Ijyb.
Ijyb is heavily wounded.
Ijyb's fire resistance burns away.
The ball python barely misses you. The ball python grabs you.
The ball python constricts you.
You escape the ball python's grasp.
Casting: Foxfire (safe; 4% risk of failure)
Press: ? - help, Q - select action, (/) - cycle Dir - look around, f - activate You miscast Foxfire.
You are very lightly contaminated with residual magic.
Nothing appears to happen.
Ijyb screams, "I no like you!"
Ijyb zaps a wand.
The bolt of light misses you.
Casting: Foxfire (safe; 4% risk of failure)
Press: ? - help, Q - select action, (/) - cycle Dir - look around, f - activate You conjure some foxfire!
The ball python bites you but does no damage.
The ball python grabs you. The ball python constricts you.
Ijyb hits you but does no damage. The ball python bites you.
The ball python constricts you.
You escape the ball python's grasp.
Ijyb is no longer more vulnerable to fire.
The foxfire hits Ijyb.
Ijyb is heavily wounded.
The foxfire hits Ijyb.
Ijyb is heavily wounded.
Ijyb zaps a wand.
The bolt of light hits you!
You are confused.
You bump into the rock wall.
You feel less confused. The ball python bites you.
The ball python barely misses you.
Your magical contamination has completely faded away.
Ijyb attacks as you move away! Ijyb hits you with a +0 dagger.
Ijyb zaps a wand.
The bolt of light misses you.
There is a stone staircase leading up here.
Ijyb zaps a wand.
The bolt of light hits you!
You are confused.
You die...

####.#.......#..####.#.#
#.#
........#..##...#.....#.#
#.#
...........#......#####.#
#.# .................##
#.# #.##
................## ##.#
#..# ...........#....#
#..# ##.#
................######.##
#.#
..........###gS........#
#.# .........##
#..@....)..## #.#
.........# #...........#
#.# .........#
#...........# #.#
#...#.####
##..........#####.#
...... #......))........#
...... #...........######
..... ##.....†..### .....
##........## ..).
#..........#


You could see Ijyb and a ball python.

Vanquished Creatures
  Robin (D:2)
  3 adders (D:2)
  4 worms (D:2)
  2 bats
  3 endoplasms
  2 giant cockroaches
  3 hobgoblins
  3 jackals (D:2)
  3 kobolds
  3 ball pythons
  3 frilled lizards
  15 goblins
  6 rats
51 creatures vanquished.

Vanquished Creatures (others)
  138 foxfires
138 creatures vanquished.

Grand Total: 189 creatures vanquished

Notes
Turn   | Place    | Note
-------+----------+-------------------------------------------
     0 | D:1      | seren the Djinni Fire Elementalist began the quest for the
                  | Orb.
     0 | D:1      | seren set off with the following spells memorised: Foxfire,
                  | Scorch, Volatile Blastmotes, Inner Flame, Flame Wave.
     0 | D:1      | Reached XP level 1. HP: 15/15 MP: 0/0
   501 | D:1      | Reached XP level 2. HP: 18/21 MP: 0/0
   935 | D:2      | Found a faded altar of an unknown god.
   970 | D:2      | Reached XP level 3. HP: 17/26 MP: 0/0
   970 | D:2      | Learned a level 1 spell: Freeze
  1060 | D:2      | Noticed Robin
  1116 | D:2      | Reached skill level 1 in Fighting
  1116 | D:2      | Reached XP level 4. HP: 30/32 MP: 0/0
  1160 | D:2      | Killed Robin
  1269 | D:2      | Found Pilagg's Armour Shoppe.
  1299 | D:2      | Noticed Natasha
  1770 | D:3      | Reached XP level 5. HP: 37/37 MP: 0/0
  1770 | D:3      | Learned a level 2 spell: Poisonous Vapours
  1955 | D:3      | Noticed Ijyb
  1972 | D:3      | Killed from afar by Ijyb

Illustrated notes

Levels and vault maps discovered:
D:1:      dpeg_arrival_chambers_temple_mockup, layout_loops_cross,
          minmay_tree_intersection
D:2:      layout_basic, basic_ecumenical_altar, serial_shops, shop,
          nicolae_wormholes, uniq_robin, uniq_natasha
D:3:      minmay_octagon_keep, layout_rooms, uniq_ijyb, uniq_sigmund

Skill      XL: |  1  2  3  4 |
---------------+-------------+-----
Stealth        | 2 |  2.4
Fighting       | 1 |  1.3
Dodging        | 3 |  3.1
Spellcasting   | 3 |  3.1
Evocations     | |  0.5

Action                     |  1- 3 |  4- 6 || total
---------------------------+-------+-------++-------
  Melee: Whip              |     1 |       ||     1
   Cast: Foxfire           |    37 |    46 ||    83
         Scorch            |       |     1 ||     1
 Armour: Robe              |     4 |     4 ||     8
  Dodge: Dodged            |    12 |     9 ||    21
